 Dungeon Sprint DCSS version 0.23.2-30-g0e89c35649 (webtiles) character file.

Game seed: 5054049622930694125

419 Kobolds4U the Carver (level 6, 0/51 HPs)
             Began as a Minotaur Berserker on June 10, 2019.
             Was a Believer of Trog.
             Slain by a slime creature (18 damage)
             ... in the Dungeon (Sprint I: "Red Sonja").
             The game lasted 00:01:26 (276 turns).

Kobolds4U the Carver (Minotaur Berserker)            Turns: 276, Time: 00:01:26

Health: 0/51       AC:  8    Str: 21    XL:     6   Next: 62%
Magic:  5/5        EV: 15    Int:  4    God:    Trog [**....]
Gold:   102        SH:  0    Dex: 12    Spells: 5/5 levels left

rFire    + . .     SeeInvis .   a - +0 falchion
rCold    . . .     Gourm    .   (no shield)
rNeg     . . .     Faith    .   l - +1 scale mail {rF+}
rPois    .         Spirit   .   (helmet restricted)
rElec    .         Reflect  .   (no cloak)
rCorr    .         Harm     .   (no gloves)
MR       .....     NoTele   +   k - +0 pair of boots
Stlth    ..........             (no amulet)
HPRegen  0.17/turn              (no ring)
MPRegen  0.09/turn              (no ring)

@: no status effects
A: retaliatory headbutt, horns 2
a: Berserk, Trog's Hand, Renounce Religion


You were in the Dungeon.
You worshipped Trog.
Trog was pleased with you.
You were not hungry.

You visited 1 branch You collected 307 gold pieces.
You spent 205 gold pieces at shops.

Inventory:

Hand Weapons
 a - a +0 falchion (weapon)
Armour
 k - a +0 pair of boots (worn)
 l - a +1 scale mail of fire resistance (worn)
Scrolls
 i - a scroll of blinking
Potions
 d - a potion of curing
 e - a potion of heal wounds
 f - a potion of haste
 g - 2 potions of magic
 h - a potion of berserk rage
Comestibles
 b - 9 chunks of flesh
 c - a ration


   Skills:
 - Level 3.6 Fighting
 + Level 12.0 Long Blades
 - Level 2.4 Armour
 + Level 11.4 Dodging


You had 5 spell levels left.
You didn't know any spells.
Your spell library was empty.

Dungeon Overview and Level Annotations

Branches:
Dungeon (1/1)

Altars:
Cheibriados
Dithmenos
Elyvilon
Fedhas
Gozag
Hepliaklqana
Kikubaaqudgha
Makhleb
Nemelex Xobeh
Okawaru
Qazlal
Ru
Sif Muna
Trog
Uskayaw
Vehumet
Wu Jian
Xom
Yredelemnul
Zin
The Shining One
Jiyva
Lugonu

Shops:
D [


Innate Abilities, Weirdness & Mutations

You reflexively headbutt those who attack you in melee.
You have a pair of horns on your head.


Message History

The slime creature is moderately wounded.
The slime creature hits you!
You hit the slime creature but do no damage.
You headbutt the slime creature!
The slime creature is heavily wounded.
You slash the slime creature!
The slime creature is severely wounded.
The slime creature hits you!
You hit the slime creature. You headbutt the slime creature!
The slime creature is almost dead.
The slime creature hits you!
You hit the slime creature but do no damage.
The slime creature is severely wounded.
You hit the slime creature.
The slime creature is almost dead.
The slime creature hits you.
You hit the slime creature.
The slime creature is almost dead.
The slime creature hits you!!
You die...

###################
#<.#.[)..#..'..#__#
#..').#..').#..@..+
#..#####'#####'#J_#
#..####..#...#(####
#..#__####..##.#
#..#_____##'#_.+
#⌠⌠#_.∩...÷..._#
####_..__##_.#'#
#_____###+#)#
####### ###


You could see a slime creature.

Vanquished Creatures
  Sigmund (D)
  A yak (D)
  An ogre (D)
  A jelly (D)
  Ijyb (D)
5 creatures vanquished.

Vanquished Creatures (others)
  A gargoyle (D)
1 creature vanquished.

Grand Total: 6 creatures vanquished

Notes
Turn   | Place    | Note
-------+----------+-------------------------------------------
     0 | D        | Kobolds4U the Minotaur Berserker began the quest for the
                  | Orb.
     0 | D        | Reached XP level 1. HP: 19/19 MP: 0/0
     1 | D        | Noticed Ijyb
     8 | D        | Killed Ijyb
     8 | D        | Reached skill level 5 in Long Blades
     8 | D        | Reached skill level 5 in Dodging
     8 | D        | Reached XP level 2. HP: 17/26 MP: 1/1
    81 | D        | Killed a gargoyle
   134 | D        | Noticed an ogre
   138 | D        | Killed an ogre
   138 | D        | Reached skill level 8 in Long Blades
   138 | D        | Reached XP level 3. HP: 31/31 MP: 2/2
   138 | D        | Reached XP level 4. HP: 39/39 MP: 3/3
   178 | D        | Noticed Sigmund
   184 | D        | Killed Sigmund
   184 | D        | Reached ** piety under Trog
   184 | D        | Reached skill level 10 in Long Blades
   184 | D        | Reached skill level 10 in Dodging
   184 | D        | Reached XP level 5. HP: 42/45 MP: 4/4
   199 | D        | Found an ornate altar of the Wu Jian Council.
   199 | D        | Found a deep blue altar of Sif Muna.
   201 | D        | Found a radiant altar of Vehumet.
   203 | D        | Reached XP level 6. HP: 50/51 MP: 5/5
   227 | D        | Found Syppekh's Armour Emporium.
   227 | D        | Found an ancient bone altar of Kikubaaqudgha.
   227 | D        | Found a hazy altar of Hepliaklqana.
   227 | D        | Found a stormy altar of Qazlal.
   227 | D        | Found a hide-covered altar of Uskayaw.
   227 | D        | Found a blossoming altar of Fedhas.
   227 | D        | Found a bloodstained altar of Trog.
   227 | D        | Found an iron altar of Okawaru.
   227 | D        | Found a basalt altar of Yredelemnul.
   227 | D        | Found a glowing golden altar of the Shining One.
   227 | D        | Found a snail-covered altar of Cheibriados.
   227 | D        | Found a sacrificial altar of Ru.
   227 | D        | Found a glowing silver altar of Zin.
   227 | D        | Found a shadowy altar of Dithmenos.
   227 | D        | Found a white marble altar of Elyvilon.
   227 | D        | Noticed a yak
   231 | D        | Killed a yak
   231 | D        | Reached skill level 12 in Long Blades
   232 | D        | Found an opulent altar of Gozag.
   235 | D        | Found a sparkling altar of Nemelex Xobeh.
   239 | D        | Bought a +0 pair of boots for 45 gold pieces
   239 | D        | Bought a +1 scale mail of fire resistance for 160 gold
                  | pieces
   265 | D        | Found a viscous altar of Jiyva.
   265 | D        | Found a corrupted altar of Lugonu.
   265 | D        | Noticed a slime creature
   266 | D        | Found a burning altar of Makhleb.
   266 | D        | Found a shimmering altar of Xom.
   276 | D        | Slain by a slime creature

Skill      XL: |  1  2  3  4  5  6 |
---------------+-------------------+-----
Long Blades    | 5 8 10 12 | 12.0
Dodging        | 5 8 10 11 | 11.4
Fighting       | |  3.6
Armour         | |  2.4

Action                   |  1- 3 |  4- 6 || total
-------------------------+-------+-------++-------
Melee: Falchion          |     9 |    20 ||    29
       Headbutt          |     2 |     8 ||    10
Invok: Berserk           |     1 |       ||     1
Armor: Scale mail        |       |     2 ||     2
Dodge: Dodged            |     3 |     6 ||     9
       Rpst.: Falchion   |     1 |     3 ||     4
